 Dungeon Crawl Stone Soup version 0.28-a0-1038-g9c4cb8273d (webtiles) character file.

Game seed: 695574928742011606

208668 fragbeetle the Peltast (level 18, -60/178 HPs)
             Began as a Minotaur Fighter on Dec 7, 2021.
             Was the Champion of the Shining One.
             Killed from afar by Nikola (71 damage)
             ... with an arc of chain lightning
             ... on level 2 of the Swamp on Dec 8, 2021.
             The game lasted 02:48:10 (48351 turns).

fragbeetle the Peltast (Minotaur Fighter)          Turns: 48351, Time: 02:48:11

Health: -60/178    AC: 40    Str: 31    XL:     18   Next: 13%
Magic:  0/23       EV:  9    Int:  8    God:    the Shining One [******]
Gold:   629        SH: 32    Dex: 12    Spells: 10/17 levels left

rFire   + . .      SeeInvis .   n - +5 mace (protect)
rCold   + . .      Faith    .   A - +3 kite shield of Ixour {rPois}
rNeg    + + +      Spirit   .   D - +8 chain mail of Vlad {-Tele Regen+ Str+4 Dex+2}
rPois   +          Reflect  +   L - +0 hat {Will+}
rElec   .          Harm     .   h - +2 ratskin cloak {*Rats rPois rN+ Str-1 Int-1 Dex+1}
rCorr   +          Rampage  .   b - +2 pair of gloves {infuse}
Will    +++..      NoTele   +   a - +3 pair of boots of Least Resistance {rF+ rC+ rN++ Str+2}
Stlth   ..........              e - amulet of reflection
HPRegen 1.19/turn               J - ring of resist corrosion
MPRegen 0.18/turn               V - ring of willpower

@: divinely shielded, under a protective aura, glowing
A: horns 2, retaliatory headbutt
}: 1/15 runes: serpentine
a: Renounce Religion, Divine Shield, Cleansing Flame, Summon Divine Warrior,
Brand Weapon With Holy Wrath


You were on level 2 of the Swamp.
You worshipped the Shining One.
The Shining One was exalted by your worship.
You visited 7 branches of the dungeon, and saw 34 of its levels.
You visited the Abyss 1 time.
You also visited: Ossuary.

You collected 3051 gold pieces.
You spent 2422 gold pieces at shops.

Inventory:

Hand Weapons
 n - a +5 mace of protection (weapon)
Missiles
 r - 13 boomerangs (quivered)
 T - 5 throwing nets
Armour
 a - the +3 pair of boots of Least Resistance (worn) {rF+ rC+ rN++ Str+2}
   (You bought it in a shop on level 2 of the Orcish Mines)

   Str:       It affects your strength (+2).
   rF:        It protects you from fire.
   rC:        It protects you from cold.
   rN:        It greatly protects you from negative energy.
 b - a +2 pair of gloves of infusion (worn)
 h - the +2 ratskin cloak (worn) {*Rats rPois rN+ Str-1 Int-1 Dex+1}
   (You found it on level 2 of the Lair of Beasts)

   When the wearer is hurt, rats may emerge from it to assist them.
   Str:       It affects your strength (-1).
   Int:       It affects your intelligence (-1).
   Dex:       It affects your dexterity (+1).
   rPois:     It protects you from poison.
   rN:        It protects you from negative energy.
 A - the +3 kite shield of Ixour (worn) {rPois}
   (You bought it in a shop on level 10 of the Dungeon)

   rPois:     It protects you from poison.
 D - the +8 chain mail of Vlad (worn) {-Tele Regen+ Str+4 Dex+2}
   (You bought it in a shop on level 2 of the Orcish Mines)

   Str:       It affects your strength (+4).
   Dex:       It affects your dexterity (+2).
   -Tele:     It prevents most forms of teleportation.
   Regen:     It increases your rate of health regeneration.
 L - a +0 hat of willpower (worn)
 W - the +3 chain mail of Proximity {rF++ Str+2 Int-3}
   (You bought it in a shop on level 2 of the Orcish Mines)

   Str:       It affects your strength (+2).
   Int:       It affects your intelligence (-3).
   rF:        It greatly protects you from fire.
Jewellery
 d - an amulet of faith
 e - an amulet of reflection (around neck)
 g - a ring of protection from cold
 j - a ring of poison resistance
 x - a ring of flight
 E - a ring of see invisible
 J - a ring of resist corrosion (left hand)
 M - a +4 ring of evasion
 V - a ring of willpower (right hand)
Wands
 l - a wand of polymorph (42)
 u - a wand of flame (120)
 y - a wand of digging (18)
 K - a wand of iceblast (15)
 Q - a wand of mindburst (6)
 R - a wand of charming (10)
 U - a wand of acid (13)
Scrolls
 f - 9 scrolls of teleportation
 k - a scroll of holy word {unknown}
 q - 5 scrolls of magic mapping
 s - a scroll of silence {unknown}
 v - 2 scrolls of blinking
 F - 3 scrolls of brand weapon
 H - a scroll of fear
 P - a scroll of summoning
 X - 2 scrolls of fog {unknown}
 Z - a scroll of enchant armour {unknown}
Potions
 c - 2 potions of ambrosia {unknown}
 i - 6 potions of flight
 o - 4 potions of cancellation
 z - 5 potions of heal wounds
 B - a potion of resistance
 C - 8 potions of curing
 G - 4 potions of brilliance
 I - 2 potions of magic {unknown}
 S - 2 potions of attraction {unknown}
Miscellaneous
 m - a piece from Xom's chessboard (15/15)
 t - a phantom mirror
 O - a phial of floods


   Skills:
 + Level 19.8 Fighting
 + Level 4.9(13.1) Axes
 + Level 18.7(18.9) Maces & Flails
 + Level 0.4 Throwing
 + Level 15.3 Armour
 + Level 20.2 Shields
 + Level 4.5 Conjurations
 * Level 7.2 Translocations
 * Level 8.1 Invocations
 - Level 7.2 Evocations


You had 10 spell levels left.
You knew the following spells:

 Your Spells              Type           Power      Damage    Failure   Level
a - Apportation           Tloc           22%        N/A       7%          1
b - Sandblast             Erth           0%         2d4       80%         1
c - Static Discharge      Conj/Air       3%         N/A       63%         2
d - Lesser Beckoning      Tloc           11%        N/A       22%         3

Your spell library contained the following spells:

 Spells                   Type           Power      Damage    Failure   Level
 Gell's Gravitas          Tloc           11%        N/A       22%         3
 Teleport Other           Tloc           11%        N/A       22%         3
 Shock                    Conj/Air       12%        1d3       47%         1
 Passage of Golubria      Tloc           11%        N/A       56%         4
 Animate Skeleton         Necr           0%         N/A       80%         1
 Summon Small Mammal      Summ           0%         N/A       80%         1
 Stone Arrow              Conj/Erth      6%         3d7       85%         3
 Corpse Rot               Necr/Air       0%         N/A       90%         2
 Ensorcelled Hibernation  Hex/Ice        0%         N/A       90%         2
 Passwall                 Tmut/Erth      0%         N/A       90%         2
 Poisonous Vapours        Pois/Air       0%         N/A       90%         2
 Call Canine Familiar     Summ           0%         N/A       99%         3
 Swiftness                Air            0%         N/A       99%         3
 Tukima's Dance           Hex            0%         N/A       99%         3
 Sticky Flame             Conj/Fire      3%         2d3       99%         4
 Airstrike                Air            0%         N/A       100%        4
 Animate Armour           Summ/Erth      0%         N/A       100%        4
 Animate Dead             Necr           0%         N/A       100%        4
 Dispel Undead            Necr           0%         3d6       100%        4
 Alistair's Intoxication  Tmut/Pois      0%         N/A       100%        5
 Borgnjor's Vile Clutch   Necr/Erth      0%         N/A       100%        5
 Yara's Violent Unravell  Hex/Tmut       0%         3d3       100%        5
 Eringya's Noxious Bog    Tmut/Pois      0%         N/A       100%        6
 Haunt                    Necr/Summ      0%         N/A       100%        7
 Infestation              Necr           0%         N/A       100%        8
 Death's Door             Necr           0%         N/A       100%        9
 Dragon's Call            Summ           0%         N/A       100%        9


Dungeon Overview and Level Annotations

Branches:
Dungeon (15/15)            Temple (1/1) D:6            Lair (6/6) D:10
  Swamp (3/4) Lair:3        Snake (4/4) Lair:3        Slime (0/5) Lair:5
    Orc (2/2) D:10            Elf (3/3) Orc:2        Vaults (0/5) D:13
 Depths (0/4) D:15        Ossuary (visited)

Altars:
Ashenzari
Cheibriados
Dithmenos
Elyvilon
Fedhas
Gozag
Hepliaklqana
Kikubaaqudgha
Makhleb
Nemelex Xobeh
Okawaru
Qazlal
Ru
Sif Muna
Trog
Uskayaw
Vehumet
Wu Jian
Xom
Yredelemnul
Zin
The Shining One
Beogh

Shops:
D:10 [   D:11 =   Orc:2 :![*[   Elf:1 ==:

Portals:
Abyss: D:7
Trove: D:15 (give +3 shadow dragon scales)

Annotations:
Swamp:2 Nikola
Elf:3 need rE, Bai Suzhen


Innate Abilities, Weirdness & Mutations

You have a pair of horns on your head.
You reflexively headbutt those who attack you in melee.


Message History

You hit Nikola.
Nikola is heavily wounded.
You hit Nikola. You headbutt Nikola.
Nikola is severely wounded.
Nikola mumbles some strange words.
Nikola blinks!
You sock Nikola! Your headbutt misses Nikola.
Nikola is severely wounded.
You block Nikola's attack.
You hit Nikola. Your headbutt misses Nikola.
Nikola is severely wounded.
You bludgeon Nikola!! You headbutt Nikola!
Nikola is almost dead.
Nikola says, "You don't look like a good insulator."
Nikola gestures wildly while chanting.
Nikola blinks!
Nikola casts a spell at you. The bolt of lightning hits you!
The mangrove smoulders and burns.
Nikola mumbles some strange words.
Lightning arcs from Nikola's hands!
The bolt of lightning hits you!!!!
Ouch! That really hurt!
* * * LOW HITPOINT WARNING * * *
A river rat scurries out from under your cloak.
A bolt of lightning appears from out of thin air!
The bolt of lightning hits your river rat!!!
Your river rat dies!
The bolt of lightning hits Nikola!
You see here a scroll of immolation.
You feel much better.
You hit Nikola.
Nikola is almost dead.
Nikola points at you and mumbles some strange words.
The bolt of lightning hits you!!
* * * LOW HITPOINT WARNING * * *
The mangrove smoulders and burns.
Unknown command.
You feel better.
Nikola mumbles some strange words.
Lightning arcs from Nikola's hands!
The bolt of lightning hits you!!!
You die...

♣.......≈..≈♣♣ ♣♣ ♣§≈≈♣..≈..≈..♣
♣♣ ≈♣ ♣♣♣♣♣♣♣♣♣§♣.≈♣ ♣§♣ ≈♣♣♣♣♣
♣♣♣ ♣♣.≈.♣♣♣♣♣§♣ ♣.♣♣.♣♣♣.♣
♣♣≈≈.≈♣♣≈.≈♣♣♣♣
♣♣≈≈♣♣≈≈♣♣♣♣.≈.≈≈..≈≈≈...♣
♣♣≈≈♣..≈♣ ♣.≈≈≈≈≈..≈§≈..≈♣
♣.≈♣.≈.♣♣♣♣.≈≈≈§≈.≈...≈.♣♣♣
≈♣♣♣..♣♣.♣♣..≈≈≈@.♣≈♣♣♣≈.≈♣♣♣ ≈♣
♣♣♣≈§♣♣♣♣♣♣>@..≈♣♣ ♣....≈♣♣ ♣♣
♣≈≈≈♣♣ ♣..♣♣♣♣ ♣...(.≈♣
♣♣♣.♣♣.♣♣♣ ♣.♣♣♣♣ ♣≈≈≈...♣
♣≈≈♣♣♣♣≈≈♣ ♣≈♣≈≈♣♣♣♣♣.≈≈≈≈§♣♣
♣♣≈≈♣♣♣♣≈≈♣♣♣≈.≈≈.≈.♣♣≈.≈≈..≈♣♣♣
♣.♣♣.♣♣.♣♣.♣♣.≈≈≈.†≈..♣≈♣≈≈..♣♣≈
♣♣.♣♣.♣♣.♣♣.♣♣....≈≈≈≈..♣♣♣♣≈....
.≈.....♣...≈≈≈≈...≈≈≈≈.♣♣ ♣≈.≈≈≈


You could see Nikola.

Vanquished Creatures
  Vashnia (Snake:4)
  Mlioglotl (Snake:3)
  A fenstrider witch (Swamp:1)
  5 nagarajas
  A thorn hunter (Swamp:2)
  Aizul (Snake:4)
  Louise (D:15)
  A deep elf demonologist (Elf:1)
  4 bunyips
  5 eleionomae
  A dire elephant (D:15)
  A fire dragon (D:15)
  Josephine (Snake:1)
  The ghost of ytrimaz the Martial Artist, a journeyman OpTm of Ashenzari (D:13)
  21 naga warriors
  10 hydras
  4 salamander tyrants (Snake:4)
  A boulder beetle (D:11)
  2 catoblepae
  A vault guard (D:13)
  Erolcha (D:11)
  A ghost crab (Swamp:2)
  7 alligators
  2 centaur warriors
  7 anacondas
  11 death yaks
  A dancing weapon (Elf:1)
  5 two-headed ogres
  6 tengu warriors
  Urug (Orc:2)
  19 naga sharpshooters
  An orc high priest (Orc:2)
  2 shock serpents
  Sonja (Lair:3)
  5 deep elf knights
  3 salamander mystics
  4 goliath frogs
  7 swamp dragons
  3 sea snakes (Snake:3)
  6 naga ritualists
  5 large abominations
  A sea snake (shapeshifter) (D:12)
  2 spriggan druids (Swamp:2)
  3 wizards
  5 deep elf archers
  An orc knight (D:13)
  3 bog bodies
  15 deep elf pyromancers
  2 necromancers (D:13)
  2 lindwurms (Lair:5)
  2 wolf spider zombies (D:13)
  18 deep elf zephyrmancers
  8 mana vipers
  An oklob plant (Lair:4)
  5 orc sorcerers
  A manticore (shapeshifter) (Elf:2)
  2 will-o-the-wisps
  11 salamanders
  4 manticores
  9 ugly things
  4 cyclopes
  An eye of devastation (Lair:5)
  An elephant (shapeshifter) (Elf:2)
  6 elephants (Lair:5)
  32 black mambas
  10 guardian serpents
  A cane toad (shapeshifter) (Elf:1)
  8 naga magi
  A toenail golem (D:7)
  A torpor snail (Lair:3)
  2 unseen horrors
  8 cane toads
  A yaktaur (D:13)
  2 rime drakes
  A redback zombie (D:13)
  A freezing wraith (D:15)
  A kobold demonologist (D:11)
  7 komodo dragons
  Maggie (D:7)
  A tengu conjurer (D:13)
  14 blink frogs
  A merfolk (D:9)
  2 polar bears
  3 hornets
  7 trolls
  3 meliai zombies
  7 tyrant leeches
  17 slime creatures
  7 dream sheep
  The ghost of BeingJoeMalik the Slasher, an amateur TeFi (D:7)
  2 air elementals
  A shadow (D:11)
  2 water elementals (Elf:2)
  3 spriggans
  7 wraiths
  5 wyverns
  29 yaks
  19 humans (D:13)
  3 fire bats (Abyss:1)
  3 basilisks
  A steam dragon (D:9)
  5 vampire mosquitoes
  Menkaure (D:4)
  A warg (Orc:2)
  34 nagas
  An acid dragon (D:12)
  6 water moccasins
  15 swamp worms
  Duvessa (D:7)
  2 swamp drakes
  A floating eye (Lair:5)
  5 black bears
  2 ice beasts
  A sky beast (D:4)
  17 orc warriors
  7 necrophages
  8 ogres
  30 wolves
  2 centaurs
  5 scorpions
  17 bullfrogs
  A wyvern zombie (D:9)
  2 earth elementals
  2 gnoll sergeants
  9 small abominations
  Dowan (D:7)
  A water moccasin skeleton (D:5)
  13 killer bees
  10 wights
  4 electric eels
  3 howler monkeys (D:8)
  Crazy Yiuf (D:7)
  A bullfrog zombie (D:5)
  A gnoll shaman (D:6)
  20 orc priests
  14 centaur zombies
  4 hounds
  3 jellies
  2 centaur skeletons (D:7)
  3 iguanas
  29 orc wizards
  A howler monkey zombie (D:9)
  Robin (D:2)
  6 adders
  15 gnolls
  2 white imps
  4 ufetubi
  A worm (D:5)
  8 dart slugs
  50 orcs
  5 bats
  An endoplasm (D:1)
  5 giant cockroaches
  11 goblins
  8 hobgoblins
  2 jackals (D:1)
  2 quokkas (D:1)
  6 ball pythons
  A ball python skeleton (Ossuary)
  4 frilled lizards
  A hobgoblin zombie (Ossuary)
  11 kobolds
  2 kobold zombies (Ossuary)
  An orc skeleton (Ossuary)
  An orc zombie (Ossuary)
  8 rats
  7 briar patches (Swamp:2)
933 creatures vanquished.

Vanquished Creatures (collateral kills)
  A large abomination (D:15)
  A naga (Snake:1)
2 creatures vanquished.

Vanquished Creatures (others)
  A nagaraja (Snake:4)
  An orc priest (Orc:2)
  A briar patch (Swamp:2)
  10 foxfires
  54 fungi
  65 plants
  3 toadstools (D:10)
135 creatures vanquished.

Grand Total: 1070 creatures vanquished

Notes
Turn   | Place    | Note
-------+----------+-------------------------------------------
     0 | D:1      | fragbeetle the Minotaur Fighter began the quest for the
                  | Orb.
     0 | D:1      | Reached XP level 1. HP: 19/19 MP: 0/0
   239 | D:1      | Reached XP level 2. HP: 21/27 MP: 1/1
   408 | D:1      | Reached skill level 4 in Shields
   617 | D:1      | Reached XP level 3. HP: 33/33 MP: 2/2
   710 | D:1      | Found a faded altar of an unknown god.
  1310 | D:2      | Noticed Robin
  1910 | D:2      | Reached XP level 4. HP: 35/40 MP: 3/3
  2256 | D:2      | Killed Robin
  2390 | D:2      | Noticed a scorpion
  2398 | D:2      | Killed a scorpion
  2399 | D:2      | Reached XP level 5. HP: 36/47 MP: 4/4
  2817 | D:3      | Reached skill level 5 in Armour
  3617 | D:4      | Reached skill level 1 in Maces & Flails
  3691 | D:4      | Reached XP level 6. HP: 25/53 MP: 5/5
  3915 | D:5      | Entered Level 5 of the Dungeon
  4041 | D:4      | Noticed Menkaure
  4085 | D:5      | Noticed an ice beast
  4088 | D:5      | Reached skill level 5 in Fighting
  4101 | D:5      | Killed an ice beast
  4102 | D:5      | Reached XP level 7. HP: 49/61 MP: 6/6
  4172 | D:5      | Reached skill level 5 in Shields
  4558 | D:5      | Reached skill level 5 in Maces & Flails
  4805 | D:6      | Found a sand-covered staircase.
  4832 | Ossuary  | Entered an ossuary
  5031 | Ossuary  | Reached XP level 8. HP: 69/70 MP: 7/7
  5078 | Ossuary  | Noticed a flying skull
  5086 | Ossuary  | Noticed a flying skull
  5088 | Ossuary  | Noticed a flying skull
  5090 | Ossuary  | Noticed a flying skull
  5092 | Ossuary  | Noticed a flying skull
  5414 | D:6      | Found a staircase to the Ecumenical Temple.
  5426 | Temple   | Entered the Ecumenical Temple
  5803 | D:6      | Noticed a troll
  5821 | D:6      | Killed a troll
  6367 | D:6      | Reached XP level 9. HP: 66/79 MP: 8/8
  6908 | D:7      | Noticed Duvessa
  6908 | D:7      | Noticed Dowan
  6925 | D:7      | Killed Duvessa
  6934 | D:7      | Killed Dowan
  7246 | D:7      | Noticed Maggie
  7264 | D:7      | Killed Maggie
  7550 | D:7      | Reached skill level 6 in Shields
  7866 | D:7      | Reached skill level 10 in Maces & Flails
  8233 | D:7      | Found a transporter.
  8620 | D:7      | Noticed a toenail golem
  8631 | D:7      | Noticed BeingJoeMalik's ghost (amateur TeFi)
  8633 | D:7      | Found a transporter.
  8650 | D:7      | Found a runed translucent door.
  8651 | D:7      | Noticed Crazy Yiuf
  8666 | D:7      | Found a one-way gate to the infinite horrors of the Abyss.
  8854 | D:7      | Killed Crazy Yiuf
  8935 | D:8      | Identified the +1 scale mail "Yjaghisof" {Fly rCorr}
  9371 | D:8      | Reached skill level 1 in Evocations
  9675 | D:8      | Found a glowing golden altar of the Shining One.
  9682 | D:8      | Became a worshipper of the Shining One
 10061 | D:9      | Reached XP level 10. HP: 88/88 MP: 9/9
 10095 | D:10     | Entered Level 10 of the Dungeon
 10285 | D:9      | Reached skill level 7 in Shields
 10352 | D:9      | Learned a level 1 spell: Apportation
 10507 | D:9      | Noticed a two-headed ogre
 10529 | D:9      | Killed a two-headed ogre
 10782 | D:9      | Reached * piety under the Shining One
 11825 | D:10     | Found Qinysauj's Antique Armour Emporium.
 11840 | D:10     | Bought a pair of embroidered gloves for 247 gold pieces
 11854 | D:10     | Found a staircase to the Orcish Mines.
 11925 | D:10     | Found a staircase to the Lair.
 11965 | D:10     | Learned a level 1 spell: Sandblast
 12226 | D:10     | Reached XP level 11. HP: 97/97 MP: 0/10
 12645 | D:11     | Noticed a two-headed ogre
 12650 | D:11     | Noticed a boulder beetle
 12654 | D:11     | Killed a two-headed ogre
 12655 | D:11     | Reached skill level 10 in Armour
 12655 | D:11     | Reached skill level 8 in Shields
 13263 | D:11     | Found Eschual's Jewellery Emporium.
 13290 | D:11     | Bought an amulet of reflection for 360 gold pieces
 13808 | D:11     | Reached ** piety under the Shining One
 13973 | D:11     | Noticed Erolcha
 13986 | D:11     | Killed Erolcha
 14186 | D:11     | Killed a boulder beetle
 14187 | D:11     | Reached skill level 10 in Fighting
 14478 | D:12     | Noticed a deep elf pyromancer
 14483 | D:12     | Killed a deep elf pyromancer
 14711 | D:12     | Reached skill level 9 in Shields
 14711 | D:12     | Reached skill level 5 in Evocations
 14728 | D:12     | Reached skill level 1 in Translocations
 14862 | D:12     | Noticed a red ugly thing
 14863 | D:12     | Noticed a two-headed ogre
 14930 | D:13     | Noticed a four-headed hydra
 14936 | D:13     | Killed a four-headed hydra
 15284 | D:13     | Noticed a two-headed ogre
 15325 | D:13     | Killed a two-headed ogre
 15326 | D:13     | Reached XP level 12. HP: 52/107 MP: 0/11
 15513 | D:13     | Noticed a two-headed ogre
 15521 | D:13     | Killed a two-headed ogre
 15535 | D:13     | Found a runed translucent door.
 15553 | D:13     | Noticed ytrimaz's ghost (journeyman OpTm)
 15558 | D:13     | Reached *** piety under the Shining One
 15567 | D:13     | Reached skill level 10 in Shields
 15810 | D:13     | Noticed a centaur warrior
 15819 | D:13     | Killed a centaur warrior
 16060 | D:13     | Found a basalt altar of Yredelemnul.
 16063 | D:13     | Reached skill level 15 in Maces & Flails
 16166 | D:13     | Reached **** piety under the Shining One
 16174 | D:13     | Noticed a tengu warrior
 16174 | D:13     | Noticed a tengu warrior
 16196 | D:13     | Killed a tengu warrior
 16204 | D:13     | Killed a tengu warrior
 16205 | D:13     | Reached XP level 13. HP: 81/118 MP: 0/12
 16481 | D:13     | Found a gate to the Vaults.
 16512 | D:13     | Reached skill level 11 in Shields
 17433 | D:4      | Killed Menkaure
 17815 | D:7      | Cast into level 1 of the Abyss (gnoll sergeant)
 17871 | D:7      | Escaped the Abyss
 17885 | D:7      | Killed BeingJoeMalik's ghost
 18173 | Lair:1   | Entered Level 1 of the Lair of Beasts
 18441 | Lair:1   | Found a sparkling altar of Nemelex Xobeh.
 19574 | Lair:2   | Reached skill level 12 in Shields
 20090 | Lair:2   | Found the +2 ratskin cloak {*Rats rPois rN+ Str-1 Int-1
                  | Dex+1}
 20294 | Lair:3   | Found a staircase to the Snake Pit.
 20422 | Lair:3   | Reached skill level 5 in Translocations
 20993 | Lair:3   | Found a staircase to the Swamp.
 21391 | Lair:3   | Learned a level 2 spell: Static Discharge
 21427 | Lair:3   | Noticed Sonja
 21750 | Lair:3   | Killed Sonja
 22300 | Lair:3   | Reached skill level 13 in Shields
 22300 | Lair:3   | Reached skill level 1 in Conjurations
 22411 | Lair:4   | Reached ***** piety under the Shining One
 22653 | Lair:4   | Reached XP level 14. HP: 133/133 MP: 1/13
 24119 | Lair:5   | Reached skill level 15 in Fighting
 24544 | Lair:5   | Paralysed by a floating eye for 2 turns
 24549 | Lair:5   | Paralysed by a floating eye for 2 turns
 24550 | Lair:5   | The Shining One protects you from harm!
 24572 | Lair:6   | Entered Level 6 of the Lair of Beasts
 25004 | Lair:6   | Reached skill level 14 in Shields
 25889 | Lair:5   | Found a staircase to the Slime Pits.
 26453 | Orc:1    | Entered Level 1 of the Orcish Mines
 27031 | Orc:2    | Entered Level 2 of the Orcish Mines
 27069 | Orc:2    | Found Onwulac's Antique Armour Emporium.
 27396 | D:13     | Killed ytrimaz's ghost
 27419 | D:13     | Got the Almanac of Doomed Feathers
 27446 | D:14     | Reached skill level 15 in Shields
 27828 | D:14     | Reached ****** piety under the Shining One
 27855 | D:14     | Reached XP level 15. HP: 144/144 MP: 0/14
 29155 | D:10     | Bought a spiked kite shield for 313 gold pieces
 29155 | D:10     | Identified the +3 kite shield of Ixour {rPois} (You bought
                  | it in a shop on level 10 of the Dungeon)
 29185 | D:10     | Upgraded the game from 0.28-a0-1002-gf00fe891ef to
                  | 0.28-a0-1033-g1a2f33fa85
 29797 | Orc:2    | Found a staircase to the Elven Halls.
 29973 | Orc:2    | Noticed Urug
 29996 | Orc:2    | Killed Urug
 30324 | Orc:2    | Found Haxar's Armour Boutique.
 30324 | Orc:2    | Found Ihinwi's Assorted Antiques.
 30324 | Orc:2    | Found Mali Cas's Distillery.
 30329 | Orc:2    | Found Iniycom's Book Shop.
 30333 | Orc:2    | Bought a potion of berserk rage for 65 gold pieces
 30333 | Orc:2    | Bought a potion of lignification for 39 gold pieces
 30335 | Orc:2    | Bought the +3 pair of boots of Least Resistance {rF+ rC+
                  | rN++ Str+2} for 772 gold pieces
 30510 | Orc:2    | Bought a brightly glowing chain mail for 313 gold pieces
 30510 | Orc:2    | Identified the +3 chain mail of Proximity {rF++ Str+2
                  | Int-3} (You bought it in a shop on level 2 of the Orcish
                  | Mines)
 30668 | Elf:1    | Entered Level 1 of the Elven Halls
 31409 | Elf:1    | Paralysed by an air elemental for 1 turns
 31610 | Elf:1    | Noticed a Tzitzimitl
 31611 | Elf:1    | Reached skill level 1 in Invocations
 31615 | Elf:1    | Noticed a Brimstone Fiend
 32080 | Snake:1  | Entered Level 1 of the Snake Pit
 32419 | Snake:1  | Noticed Josephine
 32429 | Snake:1  | Killed Josephine
 32441 | Snake:1  | Reached skill level 16 in Shields
 34054 | Snake:2  | Noticed a nagaraja
 34203 | Snake:1  | HP: 5/149 [naga (5)]
 34204 | Snake:1  | The Shining One protects you from harm!
 35403 | Snake:2  | Killed a nagaraja
 35749 | Snake:2  | Reached XP level 16. HP: 111/157 MP: 0/17
 37278 | Orc:2    | Bought a transparent chain mail for 313 gold pieces
 37278 | Orc:2    | Identified the +8 chain mail of Vlad {-Tele Regen+ Str+4
                  | Dex+2} (You bought it in a shop on level 2 of the Orcish
                  | Mines)
 37548 | Elf:1    | Reached skill level 17 in Shields
 37795 | Elf:1    | Found Plog's Jewellery Boutique.
 37796 | Elf:1    | Found Atah's Book Shoppe.
 37797 | Elf:1    | Found Ewnuesid's Jewellery Boutique.
 38011 | Elf:1    | Got the Grimoire of Companions
 38649 | Elf:2    | Learned a level 3 spell: Lesser Beckoning
 38738 | Elf:1    | Found a shimmering blue altar of Sif Muna.
 38861 | Elf:2    | Reached skill level 5 in Invocations
 38963 | Elf:3    | Entered Level 3 of the Elven Halls
 39044 | Elf:3    | Paralysed by an air elemental for 1 turns
 39087 | Elf:3    | Noticed Bai Suzhen
 40313 | Snake:3  | Noticed Mlioglotl
 40328 | Snake:3  | Killed Mlioglotl
 41040 | Snake:3  | Reached skill level 18 in Shields
 41447 | Snake:4  | Entered Level 4 of the Snake Pit
 41506 | Snake:4  | Noticed Vashnia
 42022 | Snake:4  | Reached XP level 17. HP: 160/168 MP: 4/20
 42292 | Snake:4  | Killed Vashnia
 43262 | Snake:4  | Noticed Aizul
 43289 | Snake:4  | Killed Aizul
 43582 | Snake:4  | Reached skill level 19 in Shields
 43922 | Snake:4  | Reached skill level 15 in Armour
 44126 | Snake:4  | Got a serpentine rune of Zot
 44330 | D:10     | Upgraded the game from 0.28-a0-1033-g1a2f33fa85 to
                  | 0.28-a0-1038-g9c4cb8273d
 44599 | D:15     | Entered Level 15 of the Dungeon
 44980 | D:15     | Noticed Louise
 45004 | D:15     | Killed Louise
 45495 | D:15     | Found a staircase to the Depths.
 45709 | D:15     | Found a portal to a secret trove of treasure.
 46281 | Swamp:1  | Entered Level 1 of the Swamp
 47402 | Swamp:2  | Reached XP level 18. HP: 178/178 MP: 0/22
 47444 | Swamp:2  | Reached skill level 20 in Shields
 48305 | Swamp:2  | Identified the +2 pair of gloves of Absence {rC+ rN+
                  | Slay+6}
 48305 | Swamp:2  | Noticed Nikola
 48350 | Swamp:2  | HP: 3/178 [Nikola/bolt of lightning (29)]
 48351 | Swamp:2  | Killed from afar by Nikola

Illustrated notes

Levels and vault maps discovered:
D:1:      mrwooster_arrival_arrow, layout_loops_ring,
          dreamdust_ecumenical_altar_angels_and_demons, roderic_serpentine_path
D:2:      layout_basic, uniq_robin
D:3:      layout_basic
D:4:      layout_rooms, minmay_misc_feat_rows, uniq_menkaure
D:5:      layout_cave_pools
D:6:      layout_loops_corners, temple_pool_b,
          nicolae_ossuary_entry_false_entrances, hangedman_glass_teeth
D:7:      layout_layer_cave, gammafunk_ghost_abyssal_escape,
          minmay_misc_feat_chi, uniq_crazy_yiuf_cottage, uniq_duvessa,
          uniq_maggie
D:8:      layout_loops_ring, nicolae_tso_carved_into_rock
D:9:      layout_rooms, grunt_ogre_cave, grunt_decor_resistance,
          minmay_tree_intersection, hangedman_fish_farm
D:10:     layout_cave_pools, erik_lair_island, orc_0_dummy, serial_shops, shop,
          minmay_gold_behind_fungi, small_statue_intersection
D:11:     layout_roguey, kennysheep_small_square, uniq_erolcha
D:12:     layout_gridville, chequers_serial_rivers_small_a, serial_park_tiny_1
D:13:     layout_loops_ring, grunt_vaults_entry_tiered, serial_rivers,
          chequers_serial_rivers_micro_c, chequers_serial_rivers_room_b,
          chequers_serial_rivers_room_b, chequers_serial_rivers_large_a,
          ebering_ghost_inner_flame, enter_bailey_7,
          nicolae_yredelemnul_corpse_copse
D:14:     lemuel_ice_spiral_2, layout_basic, nicolae_cairo_tiling_large
D:15:     hangedman_depths_entry_try_elsewhere_first, layout_long_grid,
          nicolae_trove_entry_columns, chequers_serial_rivers_micro_a,
          kennysheep_pointless_box, laboratory, uniq_louise
Temple:   roderic_octagonal_lattice_temple
Lair:1:   layout_chaotic_city, basic_altar
Lair:2:   layout_misc_corridors, grunt_megastairs_4
Lair:3:   layout_regular_city, minmay_swamp_entry_worms,
          guppyfry_snake_entry_garden, uniq_sonja
Lair:4:   layout_loops_ring, roderic_carrion_pond
Lair:5:   layout_gridlike, minmay_slime_entry_eyes
Lair:6:   hellmonk_lair_end_abyssal_woods, layout_cave_shapes,
          lemuel_fruit_tree, serial_bayou_shore_b
Swamp:1:  layout_falls_marsh, nicolae_swamp_big_swirl, swamp_pool3
Swamp:2:  layout_basic_swamp, hangedman_swamp_diagram, uniq_nikola
Swamp:3:  layout_basic_swamp, nicolae_swamp_tree_isthmus,
          infiniplex_staircase_pool
Snake:1:  onia_ninara_swampy_vault, layout_misc_corridors, uniq_josephine
Snake:2:  layout_onion_interference, st_stairs_2, grunt_megastairs_5
Snake:3:  layout_chambers, serial_bayou_shore_a, uniq_mlioglotl
Snake:4:  snake_hunt, layout_rooms, grunt_ministairs_13,
          nicolae_large_snake_swirl, uniq_aizul, uniq_vashnia
Orc:1:    layout_caves, mines2_david, uniq_fannar
Orc:2:    st_orc_mages, layout_caves, serial_shops, nicolae_shop_crystal,
          uniq_urug
Elf:1:    layout_onion_city, minmay_elf_demonology, minmay_shop_grove,
          lemuel_upstairs_altar
Elf:2:    nicolae_elf_blades_crystal_corner, layout_loops_cross
Elf:3:    minmay_elf_hall_golems, layout_geoelf_castle, basic_altar,
          serial_shops, statue_bzr, st_stairs_4, uniq_bai_suzhen

Skill      XL: |  1  2  3  4  5  6  7  8  9 10 11 12 13 14 15 16 17 18 |
---------------+-------------------------------------------------------+-----
Armour         | 4 5 6 7 9 11 12 13 14 15 | 15.3
Fighting       | 4 5 6 7 8 9 10 12 14 16 18 19 | 19.8
Shields        | 4 5 6 7 9 10 13 15 16 18 19 20 | 20.2
Axes           | 3 4 |  4.9
Maces & Flails | 1 3 5 8 10 12 13 15 16 17 18 | 18.7
Evocations     | 1 3 5 6 7 |  7.2
Translocations | 1 3 5 7 |  7.2
Conjurations   | 1 3 4 |  4.5
Invocations    | 3 6 7 8 |  8.1
Throwing       | |  0.4

Action                   |  1- 3 |  4- 6 |  7- 9 | 10-12 | 13-15 | 16-18 || total
-------------------------+-------+-------+-------+-------+-------+-------++-------
Melee: War axe           |    84 |    13 |       |       |       |       ||    97
       Headbutt          |    14 |    19 |    68 |   162 |   411 |   406 ||  1080
       Mace              |       |    96 |   326 |   685 |  1777 |  1394 ||  4278
Throw: Boomerang         |       |       |       |       |     3 |       ||     3
 Cast: Lesser Beckoning  |       |       |       |       |       |     1 ||     1
Invok: Divine Shield     |       |       |       |       |       |     3 ||     3
Evoke: Wand              |       |     1 |     3 |     6 |       |     3 ||    13
  Use: Scroll            |     2 |       |    10 |     5 |    14 |     3 ||    34
       Potion            |       |       |       |     8 |    11 |     7 ||    26
Armor: Scale mail        |    42 |    49 |   106 |   300 |   523 |       ||  1020
       Acid dragon scale |       |       |    42 |       |       |       ||    42
       Chain mail        |       |       |       |       |   122 |   435 ||   557
Dodge: Dodged            |    46 |    48 |   114 |   264 |   336 |   218 ||  1026
Block: Buckler           |    25 |    27 |    57 |   238 |    14 |       ||   361
       Reflection        |       |       |       |     1 |    60 |   150 ||   211
       Kite shield       |       |       |       |       |  1318 |  1226 ||  2544

Table legend: (Time is in decaauts)
 A = Elapsed time spent in this place.
 B = Non-inter-level travel time spent in this place.
 C = Inter-level travel time spent in this place.
 D = Time resting spent in this place.
 E = Time spent auto-exploring this place.
 F = Levels seen in this place.
 G = Mean time per level.
                   A        B        C        D        E       F      G
               +--------+--------+--------+--------+--------+-----+--------+
         Total |  47454 |  45659 |   1795 |   6849 |  24947 |  36 | 1318.2 |
       Dungeon |  21176 |  20332 |    844 |   3309 |  11858 |  15 | 1411.7 |
        Temple |    290 |    290 |      0 |      0 |    246 |   1 |  290.0 |
          Lair |   8158 |   7722 |    436 |   1205 |   4267 |   6 | 1359.7 |
         Swamp |   2049 |   2049 |      0 |      0 |   1113 |   3 |  683.0 |
     Snake Pit |   9723 |   9407 |    316 |   1619 |   4562 |   4 | 2430.8 |
  Orcish Mines |   2409 |   2339 |     70 |     91 |   1272 |   2 | 1204.5 |
   Elven Halls |   3050 |   2922 |    128 |    401 |   1605 |   3 | 1016.7 |
         Abyss |     53 |     53 |      0 |      0 |      0 |   1 |   53.0 |
       Ossuary |    542 |    542 |      0 |    224 |     22 |   1 |  542.0 |
               +--------+--------+--------+--------+--------+-----+--------+

Top non-repeatable levels by time:
 Snake:1: 3254 daAuts
 Snake:3: 2661 daAuts
   Elf:1: 2409 daAuts
     D:7: 2379 daAuts
    D:13: 2299 daAuts
  Lair:3: 2191 daAuts
    D:10: 2189 daAuts
 Snake:4: 2070 daAuts
  Lair:4: 1829 daAuts
 Snake:2: 1737 daAuts
   Orc:2: 1648 daAuts
     D:9: 1507 daAuts
    D:15: 1501 daAuts
    D:11: 1490 daAuts
    D:14: 1438 daAuts
